cohdb
Replays
Latest Replays
All Replays
Popular Replays
Top Player Replays
Match Explorer
How It Works
Community
CoH3 Stats
Reddit
Sign in to upload your games and track your stats! →
Sign in with Steam
Match 41121950
Unlisted
Match 41121950
Overview
Messages
Build Orders
End
Construct Barracks
Selects Special Operations Battlegroup
Selects M29 Weasel Recon Vehicle
M29 Weasel Recon Vehicle
Riflemen Squad
M1 Mortar Team
Riflemen Squad
Air Support Center
Riflemen Squad
Grasshopper Recon Run
Engineer Squad
Grasshopper Recon Run
Construct Tank Depot
Selects P-47 Anti-Infantry Loiter
Selects UNKNOWN (2162291)
M4A1 Sherman Whizbang
Moonshield
Pob
Pob
Theprophetfire
luc
mamamaxi
0
0
Comments
sign in to comment!
No comments posted yet!